 Dungeon Crawl Stone Soup version 0.30-a0-373-gd37427bb62 (webtiles) character file.

Game seed: 8041072932720191767

233 sanka the Shooter (level 5, -8/39 HPs)
             Began as a Demigod Hexslinger on Nov 23, 2022.
             Mangled by Menkaure (9 damage)
             ... on level 4 of the Dungeon.
             The game lasted 00:04:21 (2929 turns).

sanka the Shooter (Demigod Hexslinger)              Turns: 2929, Time: 00:04:23

Health: -8/39      AC:  7    Str: 11    XL:     5   Next: 46%
Magic:  9/9        EV: 12    Int: 15    God:
Gold:   215        SH:  0    Dex: 18    Spells: 2/6 levels left

rFire   + . .      SeeInvis .    a - +1 sling
rCold   . . .      Faith    .    (no shield)
rNeg    . . .      Spirit   .    z - +2 robe {rF+}
rPois   .          Reflect  .    (no helmet)
rElec   .          Harm     .    (no cloak)
rCorr   .          Rampage  .    f - +1 pair of gloves
Will    .....                    r - +0 pair of boots
Stlth   ++........               (no amulet)
HPRegen 0.26/turn                (no ring)
MPRegen 0.11/turn                y - ring of wizardry

@: lethally poisoned (-8 -> -11)
A: high MP 1, forlorn, divine attributes
a: no special abilities


You were on level 4 of the Dungeon.
You visited 1 branch of the dungeon, and saw 4 of its levels.

You collected 215 gold pieces.


Innate Abilities, Weirdness & Mutations

You have an increased reservoir of magic. (+10% MP)
You shall have no god before yourself.
Your divine heritage dramatically boosts your attributes as you level up.


   Skills:
 - Level 0.8 Fighting
 + Level 5.5 Ranged Weapons
 - Level 1.7 Dodging
 - Level 1.0 Spellcasting
 - Level 2.6 Hexes


You had 2 spell levels left.
You knew the following spells:

 Your Spells              Type           Power      Damage    Failure   Level
x - Portal Projectile     Hex/Tloc       8%         N/A       16%         3
z - Slow                  Hex            32%        N/A       3%          1

Your spell library contained the following spells:

 Spells                   Type           Power      Damage    Failure   Level
 Sting                    Tmut/Pois      0%         1d3       10%         1
 Poisonous Vapours        Pois/Air       0%         N/A       16%         2
 Inner Flame              Hex/Fire       4%         N/A       16%         3
 Cause Fear               Hex            4%         N/A       32%         4
 Olgreb's Toxic Radiance  Pois           0%         N/A       65%         4

Inventory:

Hand Weapons
 a - a +1 sling (weapon)
 v - a +0 eveningstar
Armour
 f - a +1 pair of gloves (worn)
 r - a +0 pair of boots (worn)
 z - a +2 robe of fire resistance (worn)
Jewellery
 d - a ring of fire
 y - a ring of wizardry (right hand)
Wands
 x - a wand of polymorph (7)
Scrolls
 b - 2 scrolls of poison {!r}
 c - 2 scrolls of magic mapping {unknown}
 j - 3 scrolls of identify {unknown}
 k - a scroll of vulnerability {unknown}
 l - a scroll of brand weapon {unknown}
 n - a scroll of silence {unknown}
 q - a scroll of immolation {unknown}
 t - a scroll of enchant weapon {unknown}
 w - a scroll of fear {unknown}
Potions
 e - a potion of curing {unknown}
 g - 2 potions of heal wounds {unknown}
 h - a potion of might {unknown}
 i - 2 potions of flight {unknown}
 m - 3 potions of mutation {unknown}
 o - a potion of degeneration {unknown}
 p - a potion of attraction {unknown}
 s - a potion of berserk rage {unknown}
 u - a potion of invisibility {unknown}

Dungeon Overview and Level Annotations

Branches:
Dungeon (4/15)
 Temple: D:4-7

Annotations:
D:2 1 runed translucent door, Crazy Yiuf
D:4 Menkaure

▒▒▒ ▒... .▒.....
▒...▒▒▒..▒ ........
...[....▒▒▒▒..▒.....
▒▒...............▒
▒...<.........▒...
▒.....<...........
.................K.▒
..............M.▒▒.
...▒...†.....p.£▒ ▒▒
▒............▒
▒...<...........
▒.......[...▒▒▒...
▒...........▒ ▒▒
...........▒
.....£....▒
.........▒


You could see Menkaure (fast) and a kobold.


Message History

The sling bullet hits Menkaure.
Menkaure is moderately damaged.
You feel very sick.
Menkaure calls on the powers of darkness!
Your body is wracked with pain!
* * * LOW HITPOINT WARNING * * *
The kobold throws a poisoned dart.
The poisoned dart closely misses you.
You shoot a sling bullet.
The sling bullet hits Menkaure but does no damage.
Menkaure is moderately damaged.
* * * LOW HITPOINT WARNING * * *
You feel sick.
Menkaure calls on the powers of darkness!
Your body is wracked with pain!
* * * LOW HITPOINT WARNING * * *
You shoot a sling bullet. The sling bullet hits Menkaure.
Menkaure is severely damaged.
* * * LOW HITPOINT WARNING * * *
You feel very sick.
Unknown command.
You shoot a sling bullet.
The sling bullet hits Menkaure but does no damage.
Menkaure is severely damaged.
* * * LOW HITPOINT WARNING * * *
You feel sick.
Menkaure shouts, "The curse of the Pharaohs be upon you!"
Menkaure hits you!
You die...

Action                   |  1- 3 |  4- 6 || total
-------------------------+-------+-------++-------
Melee: Unarmed           |       |     2 ||     2
 Fire: Sling             |   113 |   156 ||   269
Armor: Robe              |    19 |    18 ||    37
       Leather armour    |       |    19 ||    19
Dodge: Dodged            |    41 |    73 ||   114

Levels and vault maps discovered:
D:1:      mrwooster_arrival_statue_2, layout_rooms,
          chequers_serial_rivers_room_b, chequers_mini_garden,
          grunt_decor_arrowhead, eino_curves_02, serial_bayou_pond_e,
          minmay_misc_feat_alley
D:2:      layout_loops_ring, ebering_ecumenical_altar_mist,
          hangedman_decor_clover_reticule, nicolae_elevator_lobby_asterisk,
          uniq_jessica, uniq_crazy_yiuf_cottage
D:3:      layout_basic, old_standard_altar, mainiacjoe_overflow_24_doors,
          guppyfry_early_orc_mine, uniq_ijyb
D:4:      layout_rooms, mainiacjoe_overflow_alcove_1,
          minmay_temple_entry_proselytizer, uniq_menkaure

Notes
Turn   | Place    | Note
-------+----------+-------------------------------------------
     0 | D:1      | sanka the Demigod Hexslinger began the quest for the Orb.
     0 | D:1      | Reached XP level 1. HP: 15/15 MP: 4/4
    58 | D:1      | Reached skill level 2 in Ranged Weapons
   304 | D:1      | Reached XP level 2. HP: 22/22 MP: 5/5
   534 | D:2      | Reached skill level 3 in Ranged Weapons
   639 | D:2      | Reached XP level 3. HP: 26/27 MP: 6/6
   679 | D:2      | Noticed Jessica
   687 | D:2      | Killed Jessica
   849 | D:2      | Reached skill level 4 in Ranged Weapons
   915 | D:2      | Found a runed translucent door.
   916 | D:2      | Noticed Crazy Yiuf
   983 | D:2      | Reached XP level 4. HP: 34/34 MP: 8/8
  1680 | D:3      | Noticed Ijyb
  1709 | D:3      | Killed Ijyb
  1838 | D:3      | Identified the +4 leather armour of Circular Logic {rF+
                  | Str+3}
  1957 | D:3      | Reached skill level 5 in Ranged Weapons
  1957 | D:3      | Reached XP level 5. HP: 13/39 MP: 9/9
  2554 | D:3      | HP: 3/39 [iguana (3)]
  2694 | D:3      | Learned a level 3 spell: Portal Projectile
  2920 | D:4      | Noticed Menkaure
  2928 | D:4      | HP: 2/39 [poisoned by a kobold]
  2929 | D:4      | Mangled by Menkaure

Vanquished Creatures
  Jessica (D:2)
  Ijyb (D:3)
  An iguana (D:3)
  An orc wizard (D:3)
  6 adders
  A worm (D:2)
  2 dart slugs
  12 orcs (D:3)
  3 bats
  4 endoplasms
  3 giant cockroaches
  6 goblins
  5 hobgoblins
  2 jackals (D:1)
  3 kobolds
  2 quokkas (D:3)
  8 ball pythons
  A frilled lizard (D:3)
  6 rats
68 creatures vanquished.
